Map: Ley Lines

Players

KimChiLoVer - Winner!

  • Race: Terran Terran
  • League: Diamond
  • Spawn Location: 1:00

VOD

Have the link to the VOD?

Description

Time

  • Played on: Aug. 22, 2025, 11:03 p.m.
  • Length: 10:36
Show
View Real Time Build Order
Export as new Build Order

KimChiLoVer Terran - Winner!

Build Orders: Reaper Expand 

Get SALT Encoding   

  12  0:02  SCV  
  12  0:14  SCV  
  12  0:18  Supply Depot  
  12  0:26  SCV  
  12  0:39  SCV  
  12  0:41  Barracks  
  12  0:44  Refinery  
  12  0:52  SCV  
  12  1:04  SCV  
  12  1:16  SCV  
  12  1:28  Orbital Command  
  12  1:30  Reaper  
  12  1:40  Command Center  
  12  1:52  Supply Depot  
  12  1:54  SCV  
  12  2:01  Marine  
  12  2:05  Factory  
  12  2:10  SCV, Refinery  
  12  2:22  Barracks Reactor  
  12  2:23  SCV  
  12  2:32  Barracks  
  12  2:35  SCV  
  12  2:43  Barracks  
  12  2:47  SCV  
  12  2:50  Factory Tech Lab  
  12  2:56  Orbital Command  
  12  2:59  SCV  
  12  3:00  Marine  
  12  3:01  Marine  
  12  3:11  SCV  
  12  3:21  Marine x2  
  12  3:26  SCV  
  12  3:28  SCV  
  12  3:33  Stimpack  
  12  3:39  Command Center  
  12  3:42  SCV  
  12  3:48  Starport  
  12  3:49  Factory Reactor  
  12  3:51  SCV  
  12  3:53  Marine  
  12  3:55  Marine  
  12  3:57  Marine  
  12  3:59  SCV  
  12  4:06  Engineering Bay  
  12  4:11  Engineering Bay  
  12  4:12  Marine x2  
  12  4:13  SCV  
  12  4:15  SCV  
  12  4:22  Marine x2  
  12  4:33  Terran Infantry Weapons Level 1  
  12  4:34  Factory Tech Lab  
  12  4:37  Terran Infantry Armor Level 1  
  12  4:46  Barracks  
  12  4:47  Barracks  
  12  4:50  Medivac x2  
  12  4:51  SCV x2  
  12  4:55  Orbital Command  
  12  5:03  SCV, Barracks Tech Lab  
  12  5:07  Siege Tank  
  12  5:12  Supply Depot  
  12  5:13  SCV  
  12  5:18  Supply Depot  
  12  5:25  Combat Shield  
  12  5:27  Marine x3  
  12  5:28  SCV  
  12  5:33  SCV  
  12  5:37  Armory  
  12  5:39  SCV  
  12  5:40  SCV  
  12  5:42  Refinery  
  12  5:43  Refinery  
  12  5:45  SCV, Orbital Command, Barracks Reactor  
  12  5:46  Marine x4  
  12  5:54  Supply Depot  
  12  5:58  SCV  
  12  6:05  SCV  
  12  6:06  Marine x2  
  12  6:07  Concussive Shells  
  12  6:10  SCV  
  12  6:11  Barracks Reactor  
  12  6:13  Medivac  
  12  6:14  Marine x2  
  12  6:17  SCV  
  12  6:23  Supply Depot  
  12  6:24  Marine x2  
  12  6:25  SCV x2  
  12  6:28  Marine x2  
  12  6:29  Terran Infantry Weapons Level 2  
  12  6:32  Marine x2  
  12  6:37  SCV  
  12  6:40  Terran Infantry Armor Level 2  
  12  6:45  Supply Depot  
  12  6:48  Supply Depot  
  12  6:49  SCV  
  12  6:53  Marauder x2, Refinery, Marine x3  
  12  6:56  Viking  
  12  6:59  Viking  
  12  7:07  Barracks  
  12  7:09  Supply Depot  
  12  7:10  Barracks  
  12  7:11  Supply Depot  
  12  7:12  SCV, Barracks  
  12  7:13  SCV  
  12  7:22  Siege Tank  
  12  7:29  Starport, Marine x3  
  12  7:30  Marine x3  
  12  7:33  Marauder x2  
  12  7:35  Supply Depot  
  12  7:41  Supply Depot  
  12  7:53  Viking, Medivac  
  12  7:55  Barracks Tech Lab  
  12  7:56  Command Center  
  12  8:04  Siege Tank  
  12  8:09  Supply Depot  
  12  8:11  Supply Depot  
  12  8:13  Barracks Reactor  
  12  8:14  Marauder x2, Marine x3  
  12  8:15  Marine x2  
  12  8:17  Starport Reactor  
  12  8:21  Terran Vehicle And Ship Armor Level 1  
  12  8:25  SCV x2  
  12  8:26  SCV  
  12  8:30  Marauder  
  12  8:31  Viking, Medivac  
  12  8:34  Barracks Reactor  
  12  8:36  Marauder, Marine x4  
  12  8:42  Supply Depot  
  12  8:45  Supply Depot  
  12  8:51  Marauder x2, Marine x4  
  12  8:54  Marine  
  12  9:04  Refinery  
  12  9:22  SCV x3  
  12  9:24  Orbital Command  
  12  9:30  Medivac, Viking  
  12  9:31  Viking  
  12  9:34  Marine x7  
  12  9:35  Marine x2  
  12  9:43  Marauder x2, Marine x2  
  12  9:44  Siege Tank  
  12  9:51  SCV  
  12  9:53  SCV x3  
  12  10:00  Supply Depot  
  12  10:03  SCV  
  12  10:08  Marauder x3, Marine x3  
Tags
 
Add a new tag
Caveats
  • Supply blocks, unpowered buildings, or Contaminate may cause inaccurate times.
  • Supply counts are checked every 10 seconds.